[Event "December 12 Early 2023"]
[Site "https://www.chess.com"]
[Date "2023.12.12"]
[Round "7"]
[White "Clawitter, Craig"]
[Black "Reinecke, Katharina"]
[Result "1-0"]
[Board "167"]
[TimeControl "180+1"]
[WhiteFideId "2023105"]
[BlackFideId "12929727"]
[WhiteElo "2229"]
[BlackElo "2015"]
[WhiteTeam "USA"]
[BlackTeam "GER"]
[WhiteClock "0:00:01"]
[BlackClock "0:00:00"]

1. e4 c6 2. d4 d5 3. e5 Bf5 4. Nf3 e6 5. Be2 c5 6. Be3 Nc6 7. dxc5 Nge7 8. O-O Ng6 9. c4 Ngxe5 10. Nxe5 Nxe5 11. cxd5 Qxd5 12. Qa4+ Nc6 13. Nc3 Qd8 14. Bf3 Rc8 15. Rfd1 Qf6 16. Nb5 Be7 17. Nxa7 O-O 18. Nxc8 Rxc8 19. Bxc6 Rxc6 20. Qa8+ Bf8 21. Rd8 Qe7 22. b4 Rc7 23. Bf4 Rd7 24. Rxd7 Qxd7 25. Bd6 h5 26. Qxf8+ Kh7 27. Qe7 Qb5 28. Qxf7 Qd3 29. Qxh5+ Kg8 30. Qe8+ Kh7 31. h3 Qc3 32. Qh5+ Kg8 33. Qd1 Qxb4 34. Rc1 Be4 35. f3 Bd5 36. Qe1 Qd4+ 37. Kh2 Qf6 38. Qe5 Qg6 39. Re1 Qh6 40. Qg3 Qf6 41. Re5 Qf7 42. Rg5 1-0

[Event "December 12 Early 2023"]
[Site "https://www.chess.com"]
[Date "2023.12.12"]
[Round "7"]
[White "Lohani, Sujana"]
[Black "Kuchava, Ana"]
[Result "0-1"]
[Board "168"]
[TimeControl "180+1"]
[WhiteFideId "12311987"]
[BlackFideId "13605348"]
[WhiteElo "2005"]
[BlackElo "2216"]
[WhiteTeam "NEP"]
[BlackTeam "GEO"]
[WhiteClock "0:00:56"]
[BlackClock "0:01:11"]

1. d4 d5 2. Bf4 c5 3. e3 cxd4 4. exd4 Nf6 5. c4 e6 6. Nc3 Be7 7. Nf3 O-O 8. c5 b6 9. b4 a5 10. a3 Ne4 11. Nxe4 dxe4 12. Ne5 axb4 13. axb4 Rxa1 14. Qxa1 f6 15. Nc4 Nc6 16. Nxb6 Nxb4 17. Qc3 Qxd4 18. Qxd4 Nc2+ 19. Kd2 Nxd4 20. c6 Nxc6 21. Nxc8 Rxc8 22. Be2 e5 23. Be3 Bb4+ 24. Kd1 Nd4 25. h4 Ra8 26. Bxd4 exd4 27. Rh3 d3 28. Bxd3 Rd8 29. Ke2 Rxd3 30. Rxd3 exd3+ 31. Kxd3 Bc5 32. f3 Kf7 33. Ke4 h5 34. g4 Kg6 35. Kf4 Bd6+ 36. Ke4 Bg3 37. gxh5+ Kxh5 38. Kf5 Bxh4 39. f4 Bg3 40. Ke4 Kg4 41. f5 Be5 0-1

[Event "December 12 Early 2023"]
[Site "https://www.chess.com"]
[Date "2023.12.12"]
[Round "7"]
[White "Gazineu Neto, Rubens"]
[Black "Borawski, Jakub"]
[Result "0-1"]
[Board "169"]
[TimeControl "180+1"]
[WhiteFideId "2174685"]
[BlackFideId "1143000"]
[WhiteElo "1971"]
[BlackElo "2209"]
[WhiteTeam "BRA"]
[BlackTeam "POL"]
[WhiteClock "0:00:00"]
[BlackClock "0:01:27"]

1. e4 e5 2. Nf3 Nc6 3. Bb5 a6 4. Ba4 Nf6 5. O-O Be7 6. Re1 b5 7. Bb3 O-O 8. a4 b4 9. a5 d6 10. c3 Rb8 11. h3 Nd7 12. d4 Bf6 13. Be3 Re8 14. Nbd2 bxc3 15. bxc3 exd4 16. cxd4 Nb4 17. Bc4 c5 18. Qb3 Rf8 19. Ra4 Nc6 20. Qd3 cxd4 21. Nxd4 Nxa5 22. Bxa6 Nc5 23. Qc3 Nxa4 24. Qa3 Bxa6 25. Qxa4 Bxd4 26. Bxd4 Bb5 27. Qa1 f6 28. Nf3 Kh8 0-1

[Event "December 12 Early 2023"]
[Site "https://www.chess.com"]
[Date "2023.12.12"]
[Round "7"]
[White "Santos, Isaque Goncalves"]
[Black "Arshiya Das"]
[Result "0-1"]
[Board "170"]
[TimeControl "180+1"]
[WhiteFideId "2103885"]
[BlackFideId "25652150"]
[WhiteElo "1839"]
[BlackElo "2209"]
[WhiteTeam "BRA"]
[BlackTeam "IND"]
[WhiteClock "0:00:25"]
[BlackClock "0:01:23"]

1. d4 d5 2. c4 c6 3. Nc3 Nf6 4. Nf3 e6 5. e3 Nbd7 6. Bd3 dxc4 7. Bxc4 b5 8. Bd3 Bb7 9. a3 Bd6 10. b4 O-O 11. O-O a5 12. bxa5 Rxa5 13. Ne4 Nxe4 14. Bxe4 Nf6 15. Bd3 c5 16. Bd2 Ra8 17. Bxb5 Bxf3 18. Qxf3 cxd4 19. exd4 Bxh2+ 20. Kxh2 Qb8+ 21. Bf4 Qxb5 22. Be5 Nd5 23. Qg4 g6 24. Rh1 Qd7 25. Bf4 Nxf4 26. Qxf4 Rfd8 27. Rhd1 Ra4 28. Kg3 Rda8 29. Rd3 Qe7 30. Qe3 R8a5 31. d5 Qh4+ 32. Kf3 Qg4# 0-1

[Event "December 12 Early 2023"]
[Site "https://www.chess.com"]
[Date "2023.12.12"]
[Round "7"]
[White "Schut, Han"]
[Black "Guzman Lozano, Campo Elias"]
[Result "1/2-1/2"]
[Board "172"]
[TimeControl "180+1"]
[WhiteFideId "1005561"]
[BlackFideId "4403746"]
[WhiteElo "2285"]
[BlackElo "2185"]
[WhiteTeam "NED"]
[BlackTeam "COL"]
[WhiteClock "0:00:14"]
[BlackClock "0:00:38"]

1. e4 c5 2. Nf3 Nc6 3. d4 cxd4 4. Nxd4 e5 5. Nb5 a6 6. Nd6+ Bxd6 7. Qxd6 Qe7 8. Qd2 Nf6 9. Nc3 d6 10. Bd3 Be6 11. O-O Rd8 12. f4 exf4 13. Qxf4 Ne5 14. Bd2 Ng6 15. Qf2 O-O 16. Rae1 Ng4 17. Qg3 Qc7 18. h3 Qb6+ 19. Kh1 N4e5 20. b3 Kh8 21. Be3 Qa5 22. Bd2 Nxd3 23. Qxd3 Qh5 24. Ne2 d5 25. Ng3 Qh4 26. Nf5 dxe4 27. Nxh4 exd3 28. Nxg6+ hxg6 29. c4 b5 30. cxb5 axb5 31. Rf4 Rc8 32. Rb4 Rc2 33. Rd1 Rxa2 34. Rxb5 Rc8 35. Bf4 Bf5 36. Rb8 Rxb8 37. Bxb8 Rb2 38. Be5 Rxb3 39. Rd2 f6 40. Bd4 g5 41. Kg1 Kh7 42. Kf2 Kg6 43. Ke3 Rb1 44. g4 Be6 45. Rxd3 Rb3 46. Rxb3 Bxb3 47. Kf2 1/2-1/2

[Event "December 12 Early 2023"]
[Site "https://www.chess.com"]
[Date "2023.12.12"]
[Round "7"]
[White "Shubhi Gupta"]
[Black "Yushko, Olga"]
[Result "1-0"]
[Board "173"]
[TimeControl "180+1"]
[WhiteFideId "25195425"]
[BlackFideId "14114500"]
[WhiteElo "2282"]
[BlackElo "2114"]
[WhiteTeam "IND"]
[BlackTeam "UKR"]
[WhiteClock "0:00:28"]
[BlackClock "0:00:15"]

1. d4 e6 2. Nf3 f5 3. Bg5 Be7 4. Bxe7 Qxe7 5. Nc3 Nf6 6. g3 d6 7. Bg2 O-O 8. Qb1 Nc6 9. b4 e5 10. Qb3+ Kh8 11. d5 Nd4 12. Nxd4 exd4 13. Nb5 c5 14. dxc6 bxc6 15. Nxd4 Bb7 16. O-O Rac8 17. Nxf5 Qe5 18. Ne3 d5 19. c4 d4 20. Nc2 Rcd8 21. Rad1 Ng4 22. h3 Nh6 23. Qd3 Nf5 24. b5 Rf6 25. Nb4 Rg6 26. Nxc6 Bxc6 27. Bxc6 Nxg3 28. fxg3 Rxg3+ 29. Bg2 Rxd3 30. exd3 Qe3+ 31. Kh2 h5 32. Be4 Rd6 33. Rf8# 1-0

[Event "December 12 Early 2023"]
[Site "https://www.chess.com"]
[Date "2023.12.12"]
[Round "7"]
[White "Llari, Marc"]
[Black "Olcayoz, Gizem"]
[Result "1-0"]
[Board "174"]
[TimeControl "180+1"]
[WhiteFideId "651044269"]
[BlackFideId "6301444"]
[WhiteElo "2281"]
[BlackElo "2027"]
[WhiteTeam "FRA"]
[BlackTeam "TUR"]
[WhiteClock "0:02:13"]
[BlackClock "0:00:08"]

1. d4 e6 2. Nf3 f5 3. g3 Nf6 4. Bg2 Be7 5. O-O d6 6. c4 O-O 7. Nc3 Ne4 8. Nxe4 fxe4 9. Nd2 d5 10. b3 Nc6 11. e3 Bd7 12. a3 Be8 13. f3 Bg5 14. f4 Be7 15. Qc2 Bh5 16. c5 Qe8 17. b4 Be2 18. Re1 Bd3 19. Qc3 Qh5 20. Bf1 Bxf1 21. Nxf1 Qg4 22. b5 Nd8 23. Ra2 c6 24. a4 h5 25. Rg2 g5 26. fxg5 Bxg5 27. Ree2 Kh7 28. Ref2 Nf7 29. Qd2 Nh6 30. Qe2 Kg7 31. Qxg4 Nxg4 32. Rxf8 Rxf8 33. h3 Nh6 34. Bd2 Rf3 35. Rf2 Rxf2 36. Kxf2 Nf5 37. g4 hxg4 38. hxg4 Nh4 39. Nh2 Kf6 40. Be1 Ng6 41. Ke2 Bh6 42. Bg3 Bg5 43. Bb8 a6 44. bxc6 bxc6 45. Bc7 Bh4 46. Bd8+ Kf7 47. Bxh4 Nxh4 48. Nf1 Kg6 49. Nd2 Kg5 50. Nb3 Kxg4 51. Na5 Nf3 52. Nxc6 Ng1+ 53. Kf2 Nh3+ 54. Kg2 Ng5 55. Ne5+ Kf5 56. Kf2 Nh3+ 57. Ke2 Ng1+ 58. Kd2 Nf3+ 59. Nxf3 exf3 60. Ke1 Ke4 61. Kf2 Kd3 62. c6 Kc4 63. c7 Kb4 64. c8=Q Kxa4 65. Qxe6 a5 66. Qxd5 Kb4 67. Kxf3 a4 68. Ke2 a3 69. Qa2 Kc3 70. d5 Kb4 71. d6 1-0

[Event "December 12 Early 2023"]
[Site "https://www.chess.com"]
[Date "2023.12.12"]
[Round "7"]
[White "Klinova, Masha"]
[Black "MasterofMasters2006"]
[Result "1-0"]
[Board "175"]
[TimeControl "180+1"]
[WhiteFideId "2802015"]
[WhiteElo "2506"]
[BlackElo "2055"]
[WhiteTeam "ISR"]
[WhiteClock "0:00:52"]
[BlackClock "0:00:00"]

1. e4 e5 2. Nf3 Nc6 3. Bc4 Nf6 4. d3 Bc5 5. O-O O-O 6. c3 d6 7. a4 a5 8. Be3 Bxe3 9. fxe3 Be6 10. Nbd2 Kh8 11. Qe1 Bxc4 12. Nxc4 Qe7 13. Qg3 Rae8 14. Nh4 g6 15. Rf3 d5 16. exd5 Nxd5 17. d4 exd4 18. exd4 Qe2 19. b3 Qc2 20. Raf1 Qxb3 21. Rxf7 Rxf7 22. Rxf7 Qd1+ 23. Rf1 Qc2 24. Qg5 Qe4 25. Nd2 Qe3+ 26. Qxe3 Rxe3 27. c4 Nde7 28. d5 Ne5 29. Nhf3 Nxf3+ 30. Nxf3 h6 31. Nd4 Re4 32. Ne6 Rxc4 33. Rf8+ Ng8 34. Rc8 c6 35. d6 Rc1+ 36. Kf2 Rd1 37. Rd8 Kh7 38. Nc5 b6 39. Ne4 Kg7 40. Rc8 c5 41. Rc7+ Kf8 42. Ke2 Rd4 43. Ke3 g5 44. g4 Ke8 45. Rg7 1-0

[Event "December 12 Early 2023"]
[Site "https://www.chess.com"]
[Date "2023.12.12"]
[Round "7"]
[White "Omariev, Maksim"]
[Black "Kleibel, Uwe"]
[Result "1-0"]
[Board "176"]
[TimeControl "180+1"]
[WhiteFideId "4193423"]
[BlackFideId "1270982"]
[WhiteElo "2479"]
[BlackElo "2315"]
[WhiteTeam "RUS"]
[BlackTeam "GER"]
[WhiteClock "0:00:15"]
[BlackClock "0:00:48"]

1. g4 d5 2. Bg2 Bxg4 3. c4 c6 4. Qb3 Nf6 5. Qxb7 Nbd7 6. Nc3 e6 7. h3 Bf5 8. d4 Qc8 9. Qxc8+ Rxc8 10. Bf4 h6 11. Nf3 Bb4 12. Rc1 dxc4 13. O-O Nd5 14. Bd2 Nxc3 15. Bxc3 Bxc3 16. Rxc3 Nb6 17. Ne5 c5 18. Bc6+ Ke7 19. dxc5 f6 20. cxb6 fxe5 21. Rxc4 axb6 22. Rfc1 Bxh3 23. Rb4 Rb8 24. Rc3 Bf5 25. Rcb3 h5 26. Rxb6 Rxb6 27. Rxb6 h4 28. a4 h3 29. Kh2 Kd6 30. a5 Kc5 31. b4+ Kc4 32. a6 e4 33. a7 1-0

[Event "December 12 Early 2023"]
[Site "https://www.chess.com"]
[Date "2023.12.12"]
[Round "7"]
[White "Pein, Jonathan"]
[Black "Golubenko, Valentina"]
[Result "0-1"]
[Board "177"]
[TimeControl "180+1"]
[WhiteFideId "417092"]
[BlackFideId "4501993"]
[WhiteElo "2364"]
[BlackElo "2237"]
[WhiteTeam "ENG"]
[BlackTeam "CRO"]
[WhiteClock "0:00:41"]
[BlackClock "0:00:24"]

1. Nf3 d5 2. e3 c6 3. d4 g6 4. c4 Bg7 5. Nbd2 Nf6 6. b3 O-O 7. Bb2 e6 8. Bd3 Nbd7 9. O-O c5 10. Qe2 b6 11. e4 dxe4 12. Nxe4 Bb7 13. Nd6 Bxf3 14. Qxf3 cxd4 15. Bxd4 e5 16. Bb2 Nc5 17. Bxe5 Ncd7 18. Bb2 Nc5 19. Ba3 Qxd6 20. Rad1 Qc7 21. b4 Nxd3 22. Rxd3 Nd7 23. Rd5 Ne5 24. Qg3 Rac8 25. c5 Nc4 26. Qb3 b5 27. Bc1 Rfd8 28. Rd3 Rxd3 29. Qxd3 Rd8 30. Qe2 Qe5 31. Qc2 Qc3 32. Qe4 Qxb4 33. Bg5 Rc8 34. Be7 Re8 35. Rd1 Bf8 36. c6 Rxe7 37. Qd5 Re1+ 38. Rxe1 Qxe1# 0-1

[Event "December 12 Early 2023"]
[Site "https://www.chess.com"]
[Date "2023.12.12"]
[Round "8"]
[White "Martinez Alcantara, Jose Eduardo"]
[Black "Andreikin, Dmitry"]
[Result "1/2-1/2"]
[Board "1"]
[TimeControl "180+1"]
[WhiteFideId "3805662"]
[BlackFideId "4158814"]
[WhiteElo "3037"]
[BlackElo "3102"]
[WhiteTeam "PER"]
[BlackTeam "FID"]
[WhiteClock "0:00:06"]
[BlackClock "0:00:11"]

1. e4 e5 2. Nf3 Nf6 3. Nc3 Nc6 4. h3 d5 5. Bb5 Nxe4 6. O-O Bd6 7. Nxd5 Be6 8. Ne3 O-O 9. d3 Nf6 10. c3 e4 11. Ng5 exd3 12. Nxe6 fxe6 13. Bxd3 Ne5 14. Bc2 Bc5 15. Qe2 Qe8 16. Nc4 Nxc4 17. Qxc4 Qc6 18. Qe2 Rae8 19. Bg5 e5 20. Rae1 Bb6 21. Bxf6 Qxf6 22. g3 g6 23. Kg2 c6 24. Be4 Kg7 25. h4 h5 26. Rd1 Rd8 27. Rxd8 Rxd8 28. b4 Qd6 29. Rc1 Qd2 30. Rc2 Qxe2 31. Rxe2 Kf6 32. a4 a6 33. b5 axb5 34. axb5 cxb5 35. Rb2 Ba5 36. Rxb5 b6 37. Rb2 Rd6 38. c4 Rd2 39. Rxd2 Bxd2 40. Kf3 Bb4 41. Ke2 Bc5 42. Kf3 Bd4 43. Ke2 Bc5 44. Kf3 Bd4 45. Ke2 Bc5 1/2-1/2

[Event "December 12 Early 2023"]
[Site "https://www.chess.com"]
[Date "2023.12.12"]
[Round "8"]
[White "Nepomniachtchi, Ian"]
[Black "Zakhartsov, Vladimir"]
[Result "1-0"]
[Board "2"]
[TimeControl "180+1"]
[WhiteFideId "4168119"]
[BlackFideId "4145097"]
[WhiteElo "3110"]
[BlackElo "2930"]
[WhiteTeam "RUS"]
[BlackTeam "RUS"]
[WhiteClock "0:00:27"]
[BlackClock "0:00:09"]

1. e4 c5 2. Nf3 Nc6 3. d4 cxd4 4. Nxd4 g6 5. c4 Nf6 6. Nc3 d6 7. Be2 Nxd4 8. Qxd4 Bg7 9. Bg5 O-O 10. O-O Be6 11. Qd2 Rc8 12. b3 a6 13. Rac1 Re8 14. Rfd1 Qa5 15. Be3 Nd7 16. Bd4 Ne5 17. f4 Nc6 18. Bxg7 Kxg7 19. Kh1 f6 20. Qe3 Bf7 21. Bg4 Rcd8 22. Qf2 Qc5 23. Qxc5 dxc5 24. Bd7 Rf8 25. Bxc6 bxc6 26. Na4 Rd4 27. Nxc5 Rfd8 28. Rxd4 Rxd4 29. Kg1 a5 30. Rc2 a4 31. bxa4 Bxc4 32. Kf2 e5 33. fxe5 fxe5 34. Ke3 Kf6 35. a5 Ke7 36. a6 Bb5 37. a7 Rd8 38. a4 Bf1 39. Kf2 Rf8+ 40. Ke1 Bxg2 41. Rxg2 Ra8 42. Kd2 Rxa7 43. Kc3 1-0

[Event "December 12 Early 2023"]
[Site "https://www.chess.com"]
[Date "2023.12.12"]
[Round "8"]
[White "Ashraf, Artin"]
[Black "Le, Tuan Minh"]
[Result "0-1"]
[Board "3"]
[TimeControl "180+1"]
[WhiteFideId "22514805"]
[BlackFideId "12401153"]
[WhiteElo "2913"]
[BlackElo "3078"]
[WhiteTeam "IRI"]
[BlackTeam "VIE"]
[WhiteClock "0:01:27"]
[BlackClock "0:02:14"]

1. Nf3 d5 2. e3 Nf6 3. c4 c6 4. Nc3 a6 5. d4 Bf5 6. Nh4 Be4 7. f3 Bg6 8. Nxg6 hxg6 9. Qb3 Ra7 10. Bd2 e6 11. O-O-O dxc4 12. Bxc4 b5 13. Be2 c5 14. dxc5 Bxc5 15. Kb1 Rd7 16. Bc1 O-O 17. h4 Qb6 18. Rxd7 Nbxd7 19. Nd1 Rc8 20. g4 Qc7 21. f4 Bb6 22. Bf3 Qxc1# 0-1

[Event "December 12 Early 2023"]
[Site "https://www.chess.com"]
[Date "2023.12.12"]
[Round "8"]
[White "Xu, Yi"]
[Black "Xiong, Jeffery"]
[Result "1/2-1/2"]
[Board "4"]
[TimeControl "180+1"]
[WhiteFideId "8605564"]
[BlackFideId "2047640"]
[WhiteElo "2876"]
[BlackElo "3050"]
[WhiteTeam "CHN"]
[BlackTeam "USA"]
[WhiteClock "0:00:02"]
[BlackClock "0:00:02"]

1. e4 c6 2. d4 d5 3. f3 Qb6 4. Nc3 dxe4 5. Bc4 e5 6. dxe5 Bc5 7. Qe2 Bxg1 8. Nxe4 Bc5 9. Nd6+ Bxd6 10. exd6+ Kf8 11. Bg5 Qa5+ 12. Bd2 Qd8 13. O-O-O Nf6 14. Rhe1 Be6 15. Bxe6 fxe6 16. d7 Nbxd7 17. Bb4+ c5 18. Bxc5+ Nxc5 19. Rxd8+ Rxd8 20. Qc4 b6 21. b4 Ncd7 22. Rxe6 Re8 23. Rxe8+ Nxe8 24. Qa6 Ke7 25. Qxa7 Nd6 26. a4 Rc8 27. a5 Rc4 28. a6 Rc8 29. b5 g5 30. Kb1 Ke6 31. c4 Rxc4 32. Qa8 Rc8 33. Qa7 Nxb5 34. Qb7 Nd6 35. Qa7 h5 36. g3 g4 37. fxg4 hxg4 38. Ka1 Ke7 39. Kb1 Kd8 40. Ka1 Rc1+ 41. Kb2 Rc8 42. Kb1 Ke8 43. Kb2 Ke7 44. Kb1 Ke6 45. Ka1 Rc1+ 46. Kb2 Rc5 47. Kb1 Rb5+ 48. Kc1 Ra5 49. Qa8 Nc5 50. Qg8+ Ke5 51. Qxg4 Rxa6 52. Qg5+ Ke6 53. Qg6+ Kd5 54. Qg5+ Kc4 55. h4 Nd3+ 56. Kb1 Ra5 57. Qg8+ Kc5 58. Qg5+ Kd4 59. Qf6+ Kd5 60. Qg5+ Ne5 61. Qd2+ Ke6 62. Qh6+ Kd5 63. Qd2+ Ke6 64. Qh6+ Kd5 65. Qd2+ 1/2-1/2

[Event "December 12 Early 2023"]
[Site "https://www.chess.com"]
[Date "2023.12.12"]
[Round "8"]
[White "Materia, Marco"]
[Black "Sarana, Alexey"]
[Result "0-1"]
[Board "5"]
[TimeControl "180+1"]
[WhiteFideId "45150451"]
[BlackFideId "24133795"]
[WhiteElo "2846"]
[BlackElo "3033"]
[WhiteTeam "FRA"]
[BlackTeam "SRB"]
[WhiteClock "0:00:19"]
[BlackClock "0:01:47"]

1. d4 Nf6 2. c4 e6 3. Nf3 d5 4. Nc3 Nbd7 5. cxd5 exd5 6. Bg5 h6 7. Bh4 c6 8. e3 g5 9. Bg3 Nh5 10. Bd3 Nxg3 11. hxg3 Nb6 12. Ne5 Bd6 13. f4 Qe7 14. Qh5 Bxe5 15. fxe5 Be6 16. O-O-O O-O-O 17. Kb1 Kb8 18. Rdf1 c5 19. Rf6 cxd4 20. exd4 Qb4 21. Rxh6 Rxh6 22. Qxh6 Qxd4 23. Bc2 Qxe5 24. Qh7 d4 25. Qe4 Qxg3 26. Ne2 Qe3 27. Rd1 Nc4 28. Qxe3 Nxe3 29. Rxd4 Rxd4 30. Nxd4 Nxg2 31. Nxe6 fxe6 32. Bb3 Nf4 33. Kc2 Kc7 34. Kd2 Kd6 35. Ke3 Nd5+ 36. Kf3 Nf6 37. Bc2 e5 38. Bb1 e4+ 39. Bxe4 Nxe4 40. Kxe4 Ke6 41. Kf3 Kf5 42. Kg3 Ke4 43. Kg4 Kd3 44. Kxg5 Kc2 45. b4 Kb2 46. Kf5 Kxa2 47. Ke5 Kb3 48. Kd6 Kxb4 49. Kc7 b5 0-1

[Event "December 12 Early 2023"]
[Site "https://www.chess.com"]
[Date "2023.12.12"]
[Round "8"]
[White "Vokhidov, Shamsiddin"]
[Black "Klymchuk, Andriy"]
[Result "1-0"]
[Board "6"]
[TimeControl "180+1"]
[WhiteFideId "14204223"]
[BlackFideId "14140063"]
[WhiteElo "3014"]
[BlackElo "2854"]
[WhiteTeam "UZB"]
[BlackTeam "UKR"]
[WhiteClock "0:02:45"]
[BlackClock "0:02:47"]

1. e4 c5 2. Nf3 Nc6 3. Bb5 g6 4. Bxc6 bxc6 5. O-O Bg7 6. Re1 Nh6 7. c3 O-O 8. h3 d6 9. d4 cxd4 10. cxd4 f6 11. Nc3 Nf7 12. b3 Qa5 13. Bd2 Qh5 14. Rc1 Bd7 15. Ne2 Ng5 16. Bxg5 fxg5 17. Ng3 Qh4 18. Nxh4 1-0

[Event "December 12 Early 2023"]
[Site "https://www.chess.com"]
[Date "2023.12.12"]
[Round "8"]
[White "Matinian, Nikita"]
[Black "Drygalov, Sergey"]
[Result "1-0"]
[Board "7"]
[TimeControl "180+1"]
[WhiteFideId "24129100"]
[BlackFideId "24171743"]
[WhiteElo "2769"]
[BlackElo "3014"]
[WhiteTeam "FID"]
[BlackTeam "RUS"]
[WhiteClock "0:00:10"]
[BlackClock "0:00:12"]

1. e4 c5 2. Nf3 d6 3. d4 cxd4 4. Nxd4 Nf6 5. Nc3 a6 6. h3 e5 7. Nb3 Be6 8. f4 b5 9. fxe5 dxe5 10. Qxd8+ Kxd8 11. Bg5 Nd7 12. a4 b4 13. Nd5 Kc8 14. Bxf6 gxf6 15. O-O-O h5 16. Bc4 Rg8 17. Rd2 Bh6 18. Ne7+ Kc7 19. Bxe6 fxe6 20. Nxg8 Rxg8 21. g4 Bxd2+ 22. Kxd2 hxg4 23. hxg4 Rxg4 24. Rh7 Kd6 25. Kd3 f5 26. exf5 exf5 27. Rh6+ Kd5 28. Rxa6 Rg3+ 29. Kd2 f4 30. Ra7 Nf6 31. Ra5+ Kd6 32. Ra6+ Ke7 33. Nc5 Rg5 34. a5 f3 35. Re6+ Kf7 36. Rxf6+ Kxf6 37. Ne4+ Kf5 38. Nxg5 Kxg5 39. a6 Kf4 40. a7 e4 41. a8=Q e3+ 42. Kd3 e2 43. Qe4+ Kg3 44. Qxe2 fxe2 45. Kxe2 Kf4 46. Kd3 b3 47. c3 Ke5 48. Kc4 Kd6 49. Kxb3 Kc6 50. Kc4 Kb6 51. b4 1-0

[Event "December 12 Early 2023"]
[Site "https://www.chess.com"]
[Date "2023.12.12"]
[Round "8"]
[White "Tologon tegin, Semetei"]
[Black "Shankland, Sam"]
[Result "1/2-1/2"]
[Board "8"]
[TimeControl "180+1"]
[WhiteFideId "13800574"]
[BlackFideId "2004887"]
[WhiteElo "2663"]
[BlackElo "2949"]
[WhiteTeam "KGZ"]
[BlackTeam "USA"]
[WhiteClock "0:02:45"]
[BlackClock "0:02:23"]

1. d4 d5 2. Nc3 Nf6 3. Bf4 e6 4. Nb5 Na6 5. e3 Be7 6. Nf3 O-O 7. h3 c6 8. Nc3 c5 9. a3 Nb8 10. Nb5 Nc6 11. Nc7 Rb8 12. Nb5 Ra8 13. Nc7 Rb8 14. Nb5 Ra8 1/2-1/2

[Event "December 12 Early 2023"]
[Site "https://www.chess.com"]
[Date "2023.12.12"]
[Round "8"]
[White "Aronian, Levon"]
[Black "Steinberg, Nitzan"]
[Result "1-0"]
[Board "9"]
[TimeControl "180+1"]
[WhiteFideId "13300474"]
[BlackFideId "2801795"]
[WhiteElo "3114"]
[BlackElo "2889"]
[WhiteTeam "USA"]
[BlackTeam "ISR"]
[WhiteClock "0:00:18"]
[BlackClock "0:00:02"]

1. e4 c5 2. Nf3 d6 3. c3 Nf6 4. Be2 g6 5. O-O Bg7 6. d3 O-O 7. Be3 b6 8. Nbd2 Bb7 9. Qb1 e5 10. b4 Nbd7 11. bxc5 dxc5 12. a4 Ng4 13. Bg5 f6 14. Bh4 h5 15. h3 Nh6 16. Nc4 Nf7 17. Ne3 Bh6 18. Bd1 Kg7 19. Bb3 Nd6 20. Nd2 Bxe3 21. fxe3 Qe8 22. Nc4 Nxc4 23. Bxc4 Bc6 24. Ra2 a6 25. Qb3 Qe7 26. Raf2 Qd6 27. g4 hxg4 28. hxg4 b5 29. axb5 Rab8 30. g5 fxg5 31. Bxg5 axb5 32. Rf7+ Kh8 33. Qa2 Rxf7 34. Rxf7 bxc4 35. Qh2+ Kg8 36. Qh7# 1-0

[Event "December 12 Early 2023"]
[Site "https://www.chess.com"]
[Date "2023.12.12"]
[Round "8"]
[White "Ilamparthi A R"]
[Black "Duda, Jan-Krzysztof"]
[Result "0-1"]
[Board "10"]
[TimeControl "180+1"]
[WhiteFideId "45015775"]
[BlackFideId "1170546"]
[WhiteElo "2884"]
[BlackElo "3050"]
[WhiteTeam "IND"]
[BlackTeam "POL"]
[WhiteClock "0:00:20"]
[BlackClock "0:01:13"]

1. e4 Nc6 2. Nf3 d6 3. d4 g6 4. d5 Nb8 5. Nc3 Bg7 6. Be2 Bxc3+ 7. bxc3 Nf6 8. Qd4 c5 9. Qe3 e5 10. dxe6 Bxe6 11. e5 Nd5 12. Qd2 dxe5 13. Nxe5 O-O 14. O-O Nd7 15. Ng4 h5 16. Nh6+ Kh7 17. c4 Nb4 18. Bb2 Nc6 19. Rad1 Nd4 20. Bd3 Ne5 21. f4 Nxc4 22. Bxc4 Bxc4 23. f5 Bxf1 24. Kxf1 Qb6 25. Bc3 Rae8 26. Qf4 Qb5+ 27. Kf2 Qe2+ 0-1

[Event "December 12 Early 2023"]
[Site "https://www.chess.com"]
[Date "2023.12.12"]
[Round "8"]
[White "Szpar, Milosz"]
[Black "Fedoseev, Vladimir"]
[Result "0-1"]
[Board "11"]
[TimeControl "180+1"]
[WhiteFideId "1184989"]
[BlackFideId "24130737"]
[WhiteElo "2885"]
[BlackElo "3046"]
[WhiteTeam "POL"]
[BlackTeam "SLO"]
[WhiteClock "0:00:00"]
[BlackClock "0:00:05"]

1. e4 e5 2. Nf3 Nc6 3. Nc3 Nf6 4. Bb5 Bb4 5. O-O O-O 6. d3 Bxc3 7. bxc3 d6 8. Re1 Ne7 9. d4 Ng6 10. h3 Qe7 11. a4 exd4 12. cxd4 Nxe4 13. Bd3 f5 14. Nd2 Qf7 15. Nf3 h6 16. c4 c5 17. dxc5 dxc5 18. Bb2 Be6 19. Qc2 Rad8 20. a5 Nf4 21. Bf1 Qh5 22. Re3 Rd7 23. Rd1 Rfd8 24. Rxd7 Rxd7 25. Qc1 Rf7 26. Ne5 Rf8 27. Re1 Qh4 28. Qe3 Rd8 29. Bc1 Nh5 30. Be2 Ng5 31. Ng6 Qd4 32. Bxh5 Bxc4 33. Qe7 Bf7 0-1

[Event "December 12 Early 2023"]
[Site "https://www.chess.com"]
[Date "2023.12.12"]
[Round "8"]
[White "Paravyan, David"]
[Black "Vakhlamov, Igor L."]
[Result "1-0"]
[Board "12"]
[TimeControl "180+1"]
[WhiteFideId "4194985"]
[BlackFideId "24126748"]
[WhiteElo "3023"]
[BlackElo "2844"]
[WhiteTeam "FID"]
[BlackTeam "RUS"]
[WhiteClock "0:01:40"]
[BlackClock "0:00:00"]

1. e4 c5 2. Nf3 e6 3. d4 cxd4 4. Nxd4 Nf6 5. Nc3 Nc6 6. Ndb5 Bc5 7. Nd6+ Ke7 8. Bf4 e5 9. Nf5+ Kf8 10. Bg5 Bb4 11. Ne3 Qa5 12. Bd3 Bxc3+ 13. bxc3 Qxc3+ 14. Kf1 d6 15. Rb1 Nd4 16. Nc4 Nxe4 17. Bc1 Be6 18. Bb2 Bxc4 19. Bxc3 Nxc3 20. Qe1 Bxd3+ 21. cxd3 Nxb1 22. Qxb1 Rb8 23. f4 f6 24. Qb4 Ke7 25. Kf2 Rhc8 26. fxe5 fxe5 27. Re1 Rf8+ 28. Kg1 Rf7 29. Qxd4 Rbf8 30. Qxa7 Rf1+ 31. Rxf1 Rxf1+ 32. Kxf1 1-0

[Event "December 12 Early 2023"]
[Site "https://www.chess.com"]
[Date "2023.12.12"]
[Round "8"]
[White "Lagarde, Maxime"]
[Black "Bortnyk, Olexandr"]
[Result "1-0"]
[Board "13"]
[TimeControl "180+1"]
[WhiteFideId "662399"]
[BlackFideId "14120828"]
[WhiteElo "2793"]
[BlackElo "3007"]
[WhiteTeam "FRA"]
[BlackTeam "UKR"]
[WhiteClock "0:00:09"]
[BlackClock "0:00:03"]

1. d4 d6 2. e4 Nf6 3. Nc3 Nbd7 4. g4 h6 5. h3 e5 6. Nf3 Be7 7. Be3 c6 8. a4 O-O 9. Rg1 d5 10. exd5 exd4 11. Nxd4 Bb4 12. Bg2 Ne5 13. g5 hxg5 14. Bxg5 Re8 15. Kf1 Bxc3 16. bxc3 cxd5 17. Qd2 Nc4 18. Qf4 Nh5 19. Qc1 Qd6 20. Rh1 Bd7 21. Bf3 Qg6 22. Bg4 Bxg4 23. hxg4 Nf6 24. Qf4 Re4 25. Qh2 Nh7 26. Re1 Rxe1+ 27. Kxe1 Re8+ 28. Kf1 Ne5 29. f3 f6 30. Bf4 Nc6 31. Qh5 Qxh5 32. Rxh5 Ne5 33. Kg2 Nf8 34. Rh1 Ne6 35. Bg3 Nc5 36. Re1 b6 37. f4 Nxa4 38. fxe5 fxe5 39. Rxe5 Rc8 40. Re7 Rxc3 41. Be5 g6 42. Ne6 Rxc2+ 43. Kg3 Re2 44. Bf6 Nc5 45. Rg7+ Kh8 46. Ng5 Ne4+ 47. Nxe4 Rxe4 48. Rxg6+ Kh7 49. Rg7+ Kh6 50. Kh4 d4 51. Rd7 Kg6 52. Bxd4 Re1 53. Rd6+ Kf7 54. Kg5 Ke7 55. Rh6 Re4 56. Bf6+ Ke6 57. Bc3+ Kd5 58. Kf5 Re3 59. Bd2 Rf3+ 60. Bf4 b5 61. g5 Rf1 62. g6 Rg1 63. Rh5 b4 64. Rg5 Re1 65. g7 Re8 66. g8=Q+ Rxg8 67. Rxg8 1-0